 Dungeon Sprint DCSS version 0.27-a0-1119-gbf574a6a6b (webtiles) character file.

Game seed: 1993841565148203810

263 Zeld the Shield-Bearer (level 6, -2/50 HPs)
             Began as an Octopode Fighter on May 2, 2021.
             Killed from afar by a deep elf pyromancer (6 damage)
             ... with a sticky flame
             ... in the Dungeon (Sprint III: "The Ten Rune Challenge").
             The game lasted 00:01:41 (941 turns).

Zeld the Shield-Bearer (Octopode Fighter)            Turns: 941, Time: 00:01:41

Health: -2/50      AC:  1    Str: 18    XL:     6   Next: 19%
Magic:  6/6        EV: 12    Int: 10    God:
Gold:   39         SH: 10    Dex: 11    Spells: 5/5 levels left

rFire    . . .     SeeInvis .   a - +0 war axe
rCold    . . .     Faith    .   b - +0 kite shield
rNeg     . . .     Spirit   .   (helmet restricted)
rPois    .         Reflect  .   (no amulet)
rElec    .         Harm     .   (no ring)
rCorr    .         Rampage  .   (no ring)
Will     .....     NoTele   +   (no ring)
Stlth    +.........             (no ring)
HPRegen  0.16/turn              (no ring)
MPRegen  0.10/turn              (no ring)
                                (no ring)
                                (no ring)

@: on fire, glowing
A: almost no armour, amphibious, 8 rings, camouflage 1, gelatinous body 1,
(nimble swimmer 1), tentacles
a: no special abilities


You were in the Dungeon.
You visited 1 branch You collected 39 gold pieces.

Inventory:

Hand Weapons
 a - a +0 war axe (weapon)
Armour
 b - a +0 kite shield (worn)
Scrolls
 i - a scroll of blinking
 j - 2 scrolls of identify
Potions
 f - a potion of haste
 g - 2 potions of magic
 l - 2 potions of flight


   Skills:
 * Level 7.8 Fighting
 * Level 7.4 Axes
 - Level 3.0 Dodging
 * Level 7.8 Shields


You had 5 spell levels left.
You didn't know any spells.
Your spell library contained the following spells:

 Spells                   Type           Power      Damage    Failure   Level
 Beastly Appendage        Tmut           0%         N/A       67%         1
 Wereblood                Tmut           0%         N/A       82%         2
 Spider Form              Tmut/Pois      0%         N/A       96%         3
 Ice Form                 Ice/Tmut       0%         N/A       100%        4
 Hydra Form               Tmut           0%         N/A       100%        5


Dungeon Overview and Level Annotations

Branches:
Dungeon (1/1)

Altars:
Dithmenos
Elyvilon
Kikubaaqudgha
Ru
Sif Muna
Vehumet
Yredelemnul
Zin
The Shining One


Innate Abilities, Weirdness & Mutations

You cannot wear most types of armour.
You are amphibious.
You can wear up to eight rings at the same time.
Your skin changes colour to match your surroundings (Stealth+).
Your rubbery body absorbs attacks. (AC +1, EV +1)
((You are camouflaged near water. (Stealth+)))
You have tentacles for arms and can constrict up to eight enemies at once.


Message History

Items here: )) [[.
There is an open door here.
Okay, then.
There is a fountain of clear blue water here.
A deep elf pyromancer comes into view.
It is wielding a +1 long sword of holy wrath.
The deep elf pyromancer shouts!
The deep elf pyromancer picks up a potion of curing.
There is an open door here.
You block the deep elf pyromancer's attack.
You hit the deep elf pyromancer.
Your grab misses the deep elf pyromancer.
The deep elf pyromancer is lightly wounded.
The deep elf pyromancer hits you with a +1 long sword of holy wrath!
You hit the deep elf pyromancer but do no damage.
Your grab misses the deep elf pyromancer.
The deep elf pyromancer is lightly wounded.
The deep elf pyromancer hits you with a +1 long sword of holy wrath!
You hit the deep elf pyromancer.
Your grab misses the deep elf pyromancer.
You squeeze the deep elf pyromancer.
The deep elf pyromancer is lightly wounded.
The deep elf pyromancer hits you with a +1 long sword of holy wrath!
You are too injured to fight recklessly!
You are too injured to fight recklessly!
Press: ? - help, v - describe, . - travel
Here: a deep elf pyromancer, wielding a +1 long sword of holy wrath (lightly wounded)
The floor.
You feel better.
The deep elf pyromancer gestures at you while chanting.
The bolt of fire hits you!!
Ouch! That really hurt!
* * * LOW HITPOINT WARNING * * *
Unknown command.
You hit the deep elf pyromancer. You grab the deep elf pyromancer.
The deep elf pyromancer is lightly wounded.
You constrict the deep elf pyromancer.
The deep elf pyromancer points at you and mumbles some strange words.
The sticky flame hits you.
You are covered in liquid flames!
You die...

▓▓▓▓▓ ▓▓▓ #)..####
##.##### ####
#......#####..#___# #__#
#.......#!!#..#e@.# #)_#
##.##...#..#..###'#+###'##
##.###..##'#..#..........#
###.##..###...'.⌠......?.#
#..##..####...#...######+#
...##..###....#.⌠.# #W..#
..##...##.....#...# #...#
.##....#......#'### #...#
###..##.#.....#.).# #...+


You could see a deep elf pyromancer.

Vanquished Creatures
  A necrophage (D)
  A water elemental (D)
  A jelly (D)
  A wizard (D)
  A necromancer (D)
  A kobold demonologist (D)
  A human (D)
  A phantom (D)
  2 endoplasms (D)
  2 rats (D)
12 creatures vanquished.

Vanquished Creatures (others)
  A plant (D)
1 creature vanquished.

Grand Total: 13 creatures vanquished

Notes
Turn   | Place    | Note
-------+----------+-------------------------------------------
     0 | D        | Zeld the Octopode Fighter began the quest for the Orb.
     0 | D        | Reached XP level 1. HP: 16/16 MP: 1/1
   122 | D        | Reached XP level 2. HP: 23/23 MP: 2/2
   123 | D        | Reached XP level 3. HP: 27/27 MP: 3/3
   346 | D        | Noticed a water elemental
   352 | D        | Killed a water elemental
   353 | D        | Reached skill level 5 in Fighting
   353 | D        | Reached skill level 5 in Axes
   353 | D        | Reached skill level 5 in Shields
   353 | D        | Reached XP level 4. HP: 27/35 MP: 4/4
   357 | D        | Found a radiant altar of Vehumet.
   357 | D        | Found a shimmering blue altar of Sif Muna.
   357 | D        | Found an ancient bone altar of Kikubaaqudgha.
   357 | D        | Noticed a wizard
   359 | D        | Killed a wizard
   361 | D        | Reached XP level 5. HP: 33/41 MP: 5/5
   382 | D        | Found a basalt altar of Yredelemnul.
   382 | D        | Found a shadowy altar of Dithmenos.
   382 | D        | Found a sacrificial altar of Ru.
   382 | D        | Noticed a necrophage
   384 | D        | Killed a necrophage
   388 | D        | Reached XP level 6. HP: 20/49 MP: 6/6
   641 | D        | Noticed a shadow
   915 | D        | Found a glowing silver altar of Zin.
   915 | D        | Found a glowing golden altar of the Shining One.
   915 | D        | Found a white marble altar of Elyvilon.
   935 | D        | Noticed a deep elf pyromancer
   941 | D        | Killed from afar by a deep elf pyromancer

Illustrated notes

Levels and vault maps discovered:
D:        dungeon_sprint_mu [sprint_mu_entry_cave, sprint_mu_temple_rooms,
          sprint_mu_d1_horrors, sprint_mu_d2_genie, sprint_mu_d3_branching,
          sprint_mu_orc_legion, sprint_mu_elf_gauntlet, sprint_mu_hive_nellie,
          sprint_mu_lair_fedhas, sprint_mu_vaults_butterflies,
          sprint_mu_slime_circle, sprint_mu_swamp_cave, sprint_mu_shoals_kraken,
          sprint_mu_blade_basic, sprint_mu_crypt_chambers,
          sprint_mu_tomb_spiral, sprint_mu_vestibule_basic,
          sprint_mu_gehenna_hellfire, sprint_mu_dis_giant,
          sprint_mu_tartarus_statrot, sprint_mu_cocytus_islands, sprint_mu_zot1]

Skill      XL: |  1  2  3  4  5 |
---------------+----------------+-----
Fighting       | 4 5 6 7 |  7.8
Axes           | 3 5 7 |  7.4
Shields        | 4 5 6 7 |  7.8
Dodging        | |  3.0

Action                   |  1- 3 |  4- 6 || total
-------------------------+-------+-------++-------
Melee: War axe           |    13 |    14 ||    27
       Constrict         |     3 |     2 ||     5
       Tentacles         |     3 |     4 ||     7
  Use: Potion            |     4 |     1 ||     5
       Scroll            |       |     2 ||     2
 Stab: Sleeping          |     2 |     1 ||     3
Dodge: Dodged            |     1 |     3 ||     4
Block: Kite shield       |     5 |     4 ||     9

Table legend: (Time is in decaauts)
 A = Elapsed time spent in this place.
 B = Non-inter-level travel time spent in this place.
 C = Inter-level travel time spent in this place.
 D = Time resting spent in this place.
 E = Time spent auto-exploring this place.
 F = Levels seen in this place.
 G = Mean time per level.
                   A        B        C        D        E       F      G
               +--------+--------+--------+--------+--------+-----+--------+
         Total |    959 |    959 |      0 |    771 |      0 |   1 |  959.0 |
       Dungeon |    959 |    959 |      0 |    771 |      0 |   1 |  959.0 |
               +--------+--------+--------+--------+--------+-----+--------+

Top non-repeatable levels by time:
       D: 959 daAuts
